 Dungeon Crawl Stone Soup version 0.19.1 (webtiles) character file.

89 bongripzwizard69420 the Gusty (level 4, -3/27 HPs)
             Began as a High Elf Air Elementalist on Dec 1, 2016.
             Killed by divine providence
             ... invoked by an orc priest
              (17 damage)
             ... on level 2 of the Dungeon.
             The game lasted 00:08:30 (3461 turns).

bongripzwizard69420 the Gusty (HEAE)                Turns: 3461, Time: 00:08:30

Health: -3/27      AC:  2    Str:  7    XL:     4   Next: 31%
Magic:  6/9        EV: 13    Int: 20    God:
Gold:   72         SH:  0    Dex: 15    Spells: 3 memorised, 2 levels left

rFire  . . .     SeeInvis .     a - +0 hand axe (chop)
rCold  . . .     Gourm    .     e - +0 robe
rNeg   . . .     Faith    .     (no shield)
rPois  .         Spirit   .     (no helmet)
rElec  .         Reflect  .     (no cloak)
rCorr  .         Harm     .     (no gloves)
MR     .....                    (no boots)
Stlth  ++........               (no amulet)
                                (no ring)
                                (no ring)

@: very slightly contaminated
A: no striking features
a: no special abilities


You were on level 2 of the Dungeon.
You were not hungry.

You visited 1 branch of the dungeon, and saw 3 of its levels.

You collected 72 gold pieces.

Inventory:

Hand Weapons
 a - a +0 hand axe of chopping (weapon)
 t - a +0 short sword
Missiles
 h - 16 sling bullets
Armour
 e - a +0 robe (worn)
Jewellery
 f - an uncursed ring of fire
Scrolls
 d - 2 scrolls of amnesia {unknown}
 g - a scroll of random uselessness {unknown}
 k - 2 scrolls of identify {unknown}
 l - a scroll of teleportation {unknown}
 m - a scroll of enchant armour {unknown}
 r - a scroll of noise {unknown}
 s - a scroll of remove curse {unknown}
Potions
 i - a potion of beneficial mutation {unknown}
 j - a potion of curing
 n - a potion of brilliance {unknown}
 p - a potion of flight {unknown}
 q - a potion of magic {unknown}
 u - a potion of degeneration {unknown}
Books
 b - a book of Air

   Spells                             Type                      Level
   a - Shock                          Conjuration/Air              1
   b - Swiftness                      Charms/Air                   2
   c - Repel Missiles                 Charms/Air                   2
   d - Static Discharge               Conjuration/Air              3
   e - Lightning Bolt                 Conjuration/Air              5
 o - a book of Minor Magic

   Spells                             Type                      Level
   a - Magic Dart                     Conjuration                  1
   b - Blink                          Translocation                2
   c - Call Imp                       Summoning                    2
   d - Repel Missiles                 Charms/Air                   2
   e - Slow                           Hexes                        2
   f - Conjure Flame                  Conjuration/Fire             3
   g - Mephitic Cloud                 Conjuration/Poison/Air       3
Comestibles
 c - 2 bread rations


   Skills:
 * Level 3.2 Dodging
 + Level 2.8 Stealth
 + Level 2.8 Spellcasting
 * Level 2.2 Conjurations
 * Level 4.4 Air Magic


You had 2 spell levels left.
You knew the following spells:

 Your Spells              Type           Power        Failure   Level  Hunger
a - Shock                 Conj/Air       ###.         3%          1    None
b - Repel Missiles        Chrm/Air       ##....       12%         2    ##.....
c - Mephitic Cloud        Conj/Pois/Air  ##......     21%         3    ###....


Dungeon Overview and Level Annotations

Branches:
Dungeon (3/15)

Altars:
Dithmenos
Gozag

Annotations:
D:3 Jessica


Message History

Aim: an orc priest, wielding a hand axe You miscast Mephitic Cloud.
You are very lightly contaminated with residual magic.
Nothing appears to happen.
The orc priest barely misses you.
Casting: Mephitic Cloud
Confirm with . or Enter, or press ? or * to list all spells.
Aiming: Mephitic Cloud
Press: ? - help, Shift-Dir - straight line, f/p - orc priest
Aim: an orc priest, wielding a hand axe
Okay, then.
Unknown command.
The orc priest hits you.
You climb upwards.
There is a stone staircase leading down here.
Unknown command.
The orc priest hits you with a hand axe.
The orc priest calls down the wrath of Beogh upon you.
Beogh smites you!
Ouch! That really hurt!
You die...

########### ############
#.....#...# #....#.....#
#.###.#.#.# ##.##.#.#.#######.#
#.#รท#.#
...##..........##o###.#.#.# #
...............'@>)...#.#.# #
.#######.......##o#####.#.#######
.#......#.#######.# #.#........
.#.####.#.# #.# #.#########
...#......# #.#####.#........
.#....#...#######.#...#.#.#######
.#...##.........#.#...#......<..#
.........######.#.....###.#.#....
........#...#.....#...# #.......#


You could see 2 orc priests.

Vanquished Creatures
  3 adders (D:2)
  2 oozes
  A worm (D:2)
  A dart slug (D:1)
  2 leopard geckos (D:1)
  An orc (D:3)
  4 giant cockroaches
  6 hobgoblins
  9 kobolds
  2 ball pythons (D:2)
  7 bats
  6 frilled lizards
  3 goblins
  5 rats
52 creatures vanquished.

Notes
Turn   | Place    | Note
-------+----------+-------------------------------------------
     0 | D:1      | bongripzwizard69420 the High Elf Air Elementalist began the quest for the Orb.
     0 | D:1      | Reached XP level 1. HP: 11/11 MP: 4/4
   463 | D:1      | Reached XP level 2. HP: 10/17 MP: 3/6
  1402 | D:1      | Reached XP level 3. HP: 21/21 MP: 4/7
  1488 | D:1      | Reached skill level 4 in Air Magic
  1760 | D:2      | Learned a level 2 spell: Repel Missiles
  1764 | D:2      | Learned a level 3 spell: Mephitic Cloud
  1816 | D:2      | Found an opulent altar of Gozag.
  2188 | D:2      | Found a shadowy altar of Dithmenos.
  2375 | D:2      | Reached XP level 4. HP: 8/27 MP: 0/9
  2898 | D:3      | Noticed Jessica
  3461 | D:2      | Killed from afar by an orc priest

Skill      XL: |  1  2  3 |
---------------+----------+-----
Dodging        | 3 |  3.2
Air Magic      | 4 |  4.4
Conjurations   | 2 |  2.2
Stealth        | |  2.8
Spellcasting   | |  2.8

Action                   |  1- 3 |  4- 6 || total
-------------------------+-------+-------++-------
Melee: Short sword       |   113 |     6 ||   119
       Hand axe          |       |    21 ||    21
 Cast: Shock             |    38 |     3 ||    41
       Mephitic Cloud    |     1 |     5 ||     6
  Use: Potion            |     1 |       ||     1
 Stab: Confused          |     1 |       ||     1
       Sleeping          |     1 |       ||     1
  Eat: Chunk             |     5 |     1 ||     6
       Bread ration      |       |     1 ||     1
Armor: Robe              |    28 |    15 ||    43
Dodge: Dodged            |   113 |    25 ||   138
